 Dungeon Crawl Stone Soup version 0.27.1-34-g3ba077fa99 (webtiles) character file.

Game seed: 15119116473539563267

43 unlimited1921 the Covered (level 3, -4/33 HPs)
             Began as a Minotaur Fighter on Jan 13, 2022.
             Slain by Sigmund (10 damage)
             ... on level 3 of the Dungeon.
             The game lasted 00:13:14 (3433 turns).

unlimited1921 the Covered (Minotaur Fighter)        Turns: 3433, Time: 00:13:15

Health: -4/33      AC:  8    Str: 18 (21) XL:     3   Next: 37%
Magic:  2/2        EV:  7    Int:  2 (5)  God:
Gold:   58         SH:  9    Dex:  8 (9)  Spells: 2/2 levels left

rFire    . . .     SeeInvis .   a - +0 war axe
rCold    . . .     Faith    .   c - +0 kite shield
rNeg     . . .     Spirit   .   b - +0 scale mail
rPois    +         Reflect  .   (helmet restricted)
rElec    .         Harm     .   (no cloak)
rCorr    .         Rampage  .   l - +0 pair of gloves
Will     .....                  (no boots)
Stlth    ..........             (no amulet)
HPRegen  0.11/turn              p - ring of poison resistance
MPRegen  0.08/turn              (no ring)

@: attractive
A: horns 2, retaliatory headbutt
a: no special abilities


You were on level 3 of the Dungeon.
You visited 1 branch of the dungeon, and saw 3 of its levels.

You collected 58 gold pieces.

Inventory:

Hand Weapons
 a - a +0 war axe (weapon)
 e - a +0 war axe
 f - a +0 short sword
 h - a +4 mace
 n - a +0 war axe
Missiles
 g - 35 stones (quivered)
 r - 18 bolts
Armour
 b - a +0 scale mail (worn)
 c - a +0 kite shield (worn)
 l - a +0 pair of gloves (worn)
Jewellery
 p - a ring of poison resistance (left hand)
Scrolls
 j - a scroll of amnesia
 q - a scroll of identify
Potions
 d - a potion of might
 i - a potion of resistance
 k - a potion of attraction
 m - a potion of heal wounds
 o - a potion of degeneration
 s - a potion of curing {unknown}


   Skills:
 * Level 4.2 Fighting
 + Level 2.8 Axes
 + Level 0.1 Throwing
 + Level 4.4 Armour
 + Level 0.2 Dodging
 + Level 4.0 Shields


You had 2 spell levels left.
You didn't know any spells.
Your spell library was empty.

Dungeon Overview and Level Annotations

Branches:
Dungeon (3/15)

Altars:
Gozag

Annotations:
D:3 3 runed translucent doors, Sigmund


Innate Abilities, Weirdness & Mutations

You have a pair of horns on your head.
You reflexively headbutt those who attack you in melee.


Message History

Press: ? - help, Q - select action Shift-Dir - straight line, f/p - Sigmund
Aim: Sigmund, wielding a +5 scythe of pain and wearing a +0 robe (50% to hit)
You throw a stone. The stone hits Sigmund.
Sigmund is lightly wounded.
Throw: 36 stones
Press: ? - help, Q - select action Shift-Dir - straight line, f/p - Sigmund
Aim: Sigmund, wielding a +5 scythe of pain and wearing a +0 robe (lightly wounded, 52% to hit)
You throw a stone. The stone barely misses Sigmund.
You block Sigmund's attack.
You barely miss Sigmund.
Sigmund is lightly wounded.
Sigmund barely misses you. You furiously retaliate!
You headbutt Sigmund!
Sigmund hits you with a +5 scythe of pain!
You closely miss Sigmund. You headbutt Sigmund!
Sigmund is almost dead.
Sigmund hits you with a +5 scythe of pain!
You are too injured to fight recklessly!
It was a potion of attraction.
You feel attractive to monsters.
It was a potion of heal wounds.
You feel much better. Sigmund casts a spell at you.
You block the puff of flame.
You barely miss Sigmund.
Sigmund is almost dead.
Sigmund points at you and mumbles some strange words.
The puff of flame hits you! Sigmund casts a spell at you.
You resist with significant effort.
It was a potion of degeneration.
There was something very wrong with that liquid.
You feel weakened.
You feel dopey.
You feel clumsy. Sigmund gestures at you while chanting.
The magic dart hits you. Sigmund barely misses you.
Sigmund is pulled toward you! Sigmund is pulled toward you!
Sigmund hits you from afar with a +5 scythe of pain!
* * * LOW HITPOINT WARNING * * *
Sigmund is pulled toward you!
Sigmund hits you from afar with a +5 scythe of pain!
You die...

.(## $...+...####. #..(.. .#
.#........ ..>(. .# #...#.##.
#.#.. .. ####......... #.#.#
.# #...#........ #.#.# .#
#............ #.#.#
#.###............
#######.#.###................
#.........@.@.###............
#######.#.###.# #.#.....####.
#.#.....# #.#.....# #.
#.#.###.# #.#.....####. #.#.#
#.# #............
#.#.###.###.#.....#####
#.#.##............#####
#......................
###.##..###............


You could see Sigmund.

Vanquished Creatures
  A worm (D:2)
  A dart slug (D:1)
  An endoplasm (D:1)
  A giant cockroach (D:2)
  3 goblins (D:2)
  4 hobgoblins
  3 quokkas (D:1)
  5 ball pythons
  2 bats
  5 frilled lizards
  7 kobolds
  2 rats (D:1)
35 creatures vanquished.

Vanquished Creatures (others)
  39 plants
39 creatures vanquished.

Grand Total: 74 creatures vanquished

Notes
Turn   | Place    | Note
-------+----------+-------------------------------------------
     0 | D:1      | unlimited1921 the Minotaur Fighter began the quest for the
                  | Orb.
     0 | D:1      | Reached XP level 1. HP: 19/19 MP: 0/0
   829 | D:1      | Found a faded altar of an unknown god.
   835 | D:1      | Reached XP level 2. HP: 26/27 MP: 1/1
  2490 | D:2      | Reached XP level 3. HP: 32/33 MP: 2/2
  2558 | D:3      | Found a runed translucent gate.
  2558 | D:3      | Found a runed translucent gate.
  2558 | D:3      | Found an opulent altar of Gozag.
  2558 | D:3      | Found a runed translucent gate.
  2566 | D:3      | Noticed Sigmund
  3433 | D:3      | Slain by Sigmund

Illustrated notes

Levels and vault maps discovered:
D:1:      saegor_arrival_simple_b, layout_basic, ebering_ecumenical_altar_rust
D:2:      layout_basic, hex_large, minmay_misc_feat_roman,
          serial_bayou_lagoon_a, patterned_corridor
D:3:      cheibrodos_old_hovel, layout_basic, ebering_ghost_gozag,
          nicolae_underground_beach, uniq_sigmund

Skill      XL: |  1  2 |
---------------+-------+-----
Armour         | 4 |  4.4
Fighting       | 4 |  4.2
Shields        | 4 |  4.0
Axes           | |  2.8
Throwing       | |  0.1
Dodging        | |  0.2

Action                   || total
-------------------------++-------
Melee: War axe           ||   129
       Headbutt          ||    22
Throw: Stone             ||    27
  Use: Scroll            ||     3
       Potion            ||     3
Armor: Scale mail        ||    39
Dodge: Dodged            ||    36
Block: Kite shield       ||    51
